AoeStats
← Sabba

Hideout

507371255Analyzed
1v1 RM · 2mo ago on Sep 17, 2026· 11m 38s· 2 players
Game mode
Random Map
Map size
Tiny (2 player)
Population
200
Speed
Normal
Resources
Standard
Victory
Conquest
Starting age
Dark Age
Ending age
Imperial Age
RankedLock teamsTeams togetherTeam positionsShared explorationLock speedFull tech treeHidden civsTurbo modeCheats
Victory
Defeat
🇲🇽 Teutons · Mexico
1300
+18
vs
🇦🇷 Persians · Argentina
1345
-18
ricalope27
9:20 Feudal Age
8:14 Loom
10:02 Double-Bit Axe
Sabba
0:51 Loom
6:52 Loom
9:00 Feudal Age
9:22 Double-Bit Axe
9:19 Horse Collar
9:56 Town Watch
Connection lost

Rejoining the realm…

Still unreachable

The connection could not be restored.

Session expired

The server has moved on; the page needs a fresh start.